 Dungeon Crawl Stone Soup version 0.28-a0-819-g6ef7baa362 (webtiles) character file.

Game seed: 12338123108060091236

67 iamoutofideas the Firebug (level 3, -3/24 HPs)
             Began as a Demonspawn Fire Elementalist on Nov 8, 2021.
             Slain by an adder (5 damage)
             ... on level 2 of the Dungeon.
             The game lasted 00:02:41 (2567 turns).

iamoutofideas the Firebug (DsFE)                    Turns: 2567, Time: 00:02:42

Health: -3/24      AC:  2    Str:  8    XL:     3   Next: 98%
Magic:  2/7        EV: 12    Int: 23    God:
Gold:   38         SH:  0    Dex: 13    Spells: 4/7 levels left

rFire   . . .      SeeInvis .   (no weapon)
rCold   . . .      Faith    .   (no shield)
rNeg    . . .      Spirit   .   a - +0 robe
rPois   .          Reflect  .   (helmet restricted)
rElec   .          Harm     .   (no cloak)
rCorr   .          Rampage  .   (no gloves)
Will    .....                   (no boots)
Stlth   ++........              (no amulet)
HPRegen 0.08/turn               b - +6 ring of intelligence
MPRegen 0.10/turn               (no ring)

@: lethally poisoned (-3 -> -4)
A: antennae 1
a: no special abilities


You were on level 2 of the Dungeon.
You visited 1 branch of the dungeon, and saw 2 of its levels.

You collected 38 gold pieces.

Inventory:

Missiles
 c - 10 poisoned darts
Armour
 a - a +0 robe (worn)
Jewellery
 b - a +6 ring of intelligence (left hand)
 h - a +6 ring of strength
Scrolls
 d - a scroll of enchant armour {unknown}
 e - 2 scrolls of teleportation {unknown}
 g - 4 scrolls of identify {unknown}
 l - a scroll of fog {unknown}
Potions
 f - a potion of heal wounds {unknown}
 i - a potion of berserk rage {unknown}
 j - a potion of haste {unknown}
 k - a potion of lignification {unknown}


   Skills:
 + Level 2.2 Dodging
 - Level 1.7 Stealth
 * Level 2.9 Spellcasting
 + Level 1.8 Conjurations
 + Level 3.2 Fire Magic


You had 4 spell levels left.
You knew the following spells:

 Your Spells              Type           Power      Damage    Failure   Level
a - Foxfire               Conj/Fire      60%        2x1d7     4%          1
b - Scorch                Fire           36%        2d6       4%          2

Your spell library contained the following spells:

 Spells                   Type           Power      Damage    Failure   Level
 Conjure Flame            Conj/Fire      15%        6-21      12%         3
 Inner Flame              Hex/Fire       10%        N/A       19%         3
 Flame Wave               Conj/Fire      15%        3d5       38%         4


Dungeon Overview and Level Annotations

Branches:
Dungeon (2/15)

Altars:

Annotations:
D:2 Natasha


Innate Abilities, Weirdness & Mutations

You have a pair of small antennae on your head.


Message History

Confirm with . or Enter, or press ? or * to list all spells.
You conjure some foxfire!
Natasha hisses angrily.
The adder bites you.
Unknown command.
Casting: Foxfire (safe; 4% risk of failure)
Confirm with . or Enter, or press ? or * to list all spells.
You conjure some foxfire!
The adder bites you.
You are poisoned.
The adder poisons you! The adder closely misses you.
Unknown command.
Casting: Foxfire (safe; 4% risk of failure)
Confirm with . or Enter, or press ? or * to list all spells.
You conjure some foxfire!
You feel sick.
The foxfire hits the adder.
The adder is heavily wounded.
The foxfire hits Natasha.
Natasha is heavily wounded.
The foxfire hits the adder but does no damage.
The adder is heavily wounded.
The foxfire hits the adder.
The adder is heavily wounded.
The adder closely misses you.
Casting: Foxfire (safe; 4% risk of failure)
Confirm with . or Enter, or press ? or * to list all spells.
You conjure some foxfire!
You feel sick. The adder closely misses you. Natasha barely misses you.
Unknown command.
Casting: Foxfire (safe; 4% risk of failure)
Confirm with . or Enter, or press ? or * to list all spells.
You conjure some foxfire!
You feel sick.
The foxfire hits Natasha but does no damage.
Natasha is heavily wounded.
The foxfire hits the adder.
The adder is severely wounded.
The foxfire hits the adder but does no damage.
The adder is severely wounded.
The adder bites you. Natasha claws you!
* * * LOW HITPOINT WARNING * * *
The adder bites you.
You die...

# ######.#....#....# ##
#.####.###### .## # #.#
#.# #.##.#.# #.# #.#
.......# #.# #.#
.....#.# #.# #.# ##.#.#.
# #§####.# ### ##.....
#.#.v..#.# #<# .......#
#.S@.#.#.# #.# .......#
####h#.#.#####.#
....#...
#.##.#.#.....#.#
......#.
#†.#....(.##.#.####
###.#.#
#..###.##.##.#....# # .#
# #..
##......##.#.....#.# # #
#...#......###.#####.#.#
#.# #...#......#
#....##.#.## ..#
#...#......#
####.##.#..#


You could see Natasha (ally target) and an adder.

Vanquished Creatures
  Natasha (D:2)
  A worm (D:2)
  2 dart slugs
  2 endoplasms (D:2)
  A giant cockroach (D:1)
  5 hobgoblins
  A jackal (D:2)
  2 quokkas (D:1)
  A ball python (D:1)
  5 bats
  2 frilled lizards
  4 goblins (D:1)
  4 kobolds
  4 rats
35 creatures vanquished.

Vanquished Creatures (others)
  146 foxfires
146 creatures vanquished.

Grand Total: 181 creatures vanquished

Notes
Turn   | Place    | Note
-------+----------+-------------------------------------------
     0 | D:1      | iamoutofideas the Demonspawn Fire Elementalist began the
                  | quest for the Orb.
     0 | D:1      | Reached XP level 1. HP: 13/13 MP: 3/3
   265 | D:1      | Gained mutation: You have a pair of small antennae on your
                  | head. [demonic ancestry]
   265 | D:1      | Reached XP level 2. HP: 19/19 MP: 0/5
   637 | D:1      | Reached skill level 3 in Fire Magic
  1366 | D:2      | Learned a level 2 spell: Scorch
  1488 | D:2      | Found a faded altar of an unknown god.
  1540 | D:2      | Reached XP level 3. HP: 24/24 MP: 2/6
  1695 | D:2      | Noticed Natasha
  1708 | D:2      | Killed Natasha
  1758 | D:2      | HP: 1/24 [kobold (2)]
  2562 | D:2      | Noticed Natasha
  2567 | D:2      | Slain by an adder

Illustrated notes

Levels and vault maps discovered:
D:1:      saegor_arrival_simple_a, layout_basic
D:2:      minmay_angry_zag, layout_basic, chequers_ecumenical_altar_island,
          uniq_natasha

Skill      XL: |  1  2 |
---------------+-------+-----
Dodging        | 2 |  2.2
Fire Magic     | 3 |  3.2
Stealth        | |  1.7
Spellcasting   | |  2.9
Conjurations   | |  1.8

Action                   || total
-------------------------++-------
Melee: Unarmed           ||    33
 Cast: Foxfire           ||   104
       Scorch            ||     1
Armor: Robe              ||    14
Dodge: Dodged            ||    63

Table legend: (Time is in decaauts)
 A = Elapsed time spent in this place.
 B = Non-inter-level travel time spent in this place.
 C = Inter-level travel time spent in this place.
 D = Time resting spent in this place.
 E = Time spent auto-exploring this place.
 F = Levels seen in this place.
 G = Mean time per level.
                   A        B        C        D        E       F      G
               +--------+--------+--------+--------+--------+-----+--------+
         Total |   2568 |   2565 |      3 |    333 |   1833 |   2 | 1284.0 |
       Dungeon |   2568 |   2565 |      3 |    333 |   1833 |   2 | 1284.0 |
               +--------+--------+--------+--------+--------+-----+--------+

Top non-repeatable levels by time:
     D:2: 1398 daAuts
     D:1: 1169 daAuts
